 Dungeon Crawl Stone Soup version 0.26-a0-651-gb41185065b (webtiles) character file.

Game seed: 5506182309903588494

(classic levelgen) 1972 EnegeticOcto the Cleaver (level 9, 0/81 HPs)
             Began as a Deep Dwarf Fighter on Oct 30, 2020.
             Was a Believer of Makhleb.
             Slain by a death yak (17 damage)
             ... on level 8 of the Dungeon.
             The game lasted 00:02:43 (3533 turns).

EnegeticOcto the Cleaver (Deep Dwarf Fighter)       Turns: 3533, Time: 00:02:44

Health: 0/81       AC: 15    Str: 23    XL:     9   Next: 0%
Magic:  5/5        EV:  5    Int:  9    God:    Makhleb [**....]
Gold:   184        SH: 10    Dex: 12    Spells: 8/8 levels left

rFire    . . .     SeeInvis .   a - +1 war axe
rCold    . . .     Faith    .   c - +0 kite shield
rNeg     . . .     Spirit   .   t - +0 plate armour
rPois    .         Reflect  .   (no helmet)
rElec    .         Harm     .   j - +0 cloak
rCorr    .         Rampage  .   (no gloves)
MR       +....                  k - +0 pair of boots
Stlth    ..........             (no amulet)
HPRegen  0.00/turn              (no ring)
MPRegen  0.09/turn              (no ring)

@: mighty, non-regenerating
A: damage resistance, heal wounds, sense surroundings 2, no regeneration
a: Heal Wounds, Minor Destruction, Renounce Religion


You were on level 8 of the Dungeon.
You worshipped Makhleb.
Makhleb was pleased with you.
You visited 2 branches of the dungeon, and saw 9 of its levels.

You collected 229 gold pieces.
You spent 45 gold pieces at shops.

Inventory:

Hand Weapons
 a - a +1 war axe (weapon)
Armour
 c - a +0 kite shield (worn)
 j - a +0 cloak (worn)
 k - a +0 pair of boots (worn)
 t - a +0 plate armour (worn)
Jewellery
 m - an uncursed ring of magical power {unknown}
Wands
 e - a wand of iceblast (9) {@v2}
Scrolls
 n - 2 scrolls of remove curse {@r2}
 o - a scroll of identify {@r1}
 p - 2 scrolls of magic mapping {@r5}
 q - a scroll of fear
 s - a scroll of teleportation {@r3}
Potions
 b - 2 potions of stabbing {unknown}
 f - a potion of haste {@q4}
 g - 4 potions of curing {@q1}
 h - a potion of heal wounds {@q2}
 i - a potion of resistance {unknown}
 l - a potion of brilliance
 r - a potion of flight


   Skills:
 + Level 5.1 Fighting
 * Level 8.0 Axes
 + Level 6.2 Armour
 + Level 6.1 Shields
 + Level 5.5 Invocations


You had 8 spell levels left.
You didn't know any spells.
Your spell library was empty.

Dungeon Overview and Level Annotations

Branches:
Dungeon (8/15)             Temple (1/1) D:4            Lair (0/6) D:8

Altars:
Cheibriados
Dithmenos
Gozag
Kikubaaqudgha
Makhleb
Okawaru
Qazlal
Trog
Uskayaw
Xom
Zin
The Shining One

Shops:
D:7 ?

Annotations:
D:4 Pikel


Innate Abilities, Weirdness & Mutations

You are resistant to damage.
You can heal yourself by infusing magical energy.
You passively map the area around you.
You do not regenerate.


Message History

You hear a bellow! x2; You hear a bark!
You hear a bellow!
Found a mace.
No target in view!
No target in view!
No target in view!
No target in view!
No target in view!
No target in view!
No target in view!
No target in view!
No target in view!
No target in view!
No target in view!
No target in view!
No target in view!
No target in view! 2 jackals come into view.
The jackal barks! x2; You hear a bellow!
A death yak comes into view.
A yak comes into view.
A phantom comes into view.
A death yak comes into view.
You hear a bark!
Found a staircase to the Lair.
There are monsters nearby!
There are monsters nearby! 3 yaks come into view.
The yak bellows! x2
A yak comes into view.
The yak moves out of view.
You barely miss the death yak.
The yak bellows!
The death yak gores you.
A jackal comes into view.
You barely miss the death yak. You completely miss the jackal.
You block the jackal's attack. The death yak barely misses you.
The jackal bites you but does no damage.
A jackal comes into view.
You hit the death yak but do no damage. You barely miss the jackal.
You block the jackal's attack. You block the death yak's attack.
You hit the death yak.
The death yak is lightly wounded.
You hit the jackal. The jackal bites you. You block the death yak's attack.
You slash the death yak!
The death yak is lightly wounded.
You hit the yak but do no damage. The death yak gores you.
You slash the death yak!
The death yak is moderately wounded.
You hit the yak. The yak gores you but does no damage.
The phantom blinks!
The death yak gores you!! The death yak barely misses you.
You hit the death yak but do no damage.
The death yak is moderately wounded.
You hit the death yak but do no damage.
The jackal stops to sniff the ground.
The death yak gores you but does no damage.
The death yak gores you.
You hit the death yak.
The death yak is moderately wounded.
You hit the death yak but do no damage.
The yak snorts and paws the ground.
The death yak gores you but does no damage.
You block the death yak's attack.
You slash the death yak!
The death yak is heavily wounded.
You hit the death yak.
The phantom blinks!
The death yak gores you!! The death yak gores you!
You feel very mighty all of a sudden. You block the death yak's attack.
The death yak gores you!!
* * * LOW HITPOINT WARNING * * *
You feel much better. You block the death yak's attack.
The death yak gores you!
You are too injured to fight recklessly!
You are too injured to fight recklessly!
You are too injured to fight recklessly!
You are too injured to fight recklessly!
You are too injured to fight recklessly!
You are too injured to fight recklessly!
You feel much better. The death yak gores you!!
You block the death yak's attack.
Your magical essence is drained by the effort!
You feel much better.
The death yak gores you but does no damage.
The death yak gores you!!
You hit the death yak.
The death yak is heavily wounded.
You hit the death yak. The death yak gores you!
You block the death yak's attack.
You slash the death yak!
The death yak is heavily wounded.
You barely miss the death yak. The death yak barely misses you.
The death yak gores you.
The yak snorts and paws the ground.
You hit the death yak.
The death yak is severely wounded.
You hit the death yak but do no damage. You block the death yak's attack.
The death yak gores you but does no damage.
You barely miss the death yak.
The death yak is severely wounded.
You hit the death yak but do no damage. The death yak gores you!!
* * * LOW HITPOINT WARNING * * *
The death yak gores you!!
You die...

, ,, * *** #.# * * *
* * #.. # ,* * * *
#.#* .# , , * , #.#
* ..#* * * ,* * *
#.# * .).. #.#
....., ,<,
#.##Y..... , * *
####.@YYY...., , ,,
* #....#YYY..##
#.#####Yh...., ,
##.## *hh..>. *
######...####hW#...,
*#.#(.........#.. ..
, , ,
#..##...#####,..*.
###.<...## ... ,, ,
.#..##### * ,, , , *


You could see 3 death yaks, 5 yaks, a phantom and 3 jackals.

Vanquished Creatures
  3 orc warriors (D:6)
  2 phantoms
  3 ogres
  A centaur (D:5)
  4 lemures (D:4)
  A bullfrog (D:6)
  2 scorpions
  A howler monkey (D:6)
  A bullfrog zombie (D:3)
  A centaur zombie (D:6)
  3 hounds
  4 orc priests
  A quasit (D:6)
  A jelly (D:6)
  6 orc wizards
  A centaur skeleton (D:7)
  A gnoll shaman (D:5)
  3 iguanas (D:6)
  2 worker ants
  A howler monkey zombie (D:6)
  A worker ant zombie (D:7)
  5 adders
  12 gnolls
  A shadow imp (D:4)
  A white imp (D:6)
  An ufetubus (D:6)
  An adder skeleton (D:6)
  2 worms
  A dart slug (D:2)
  6 leopard geckos
  18 orcs
  4 giant cockroaches
  4 goblins
  A hobgoblin (D:1)
  5 jackals
  4 kobolds
  A quokka (D:2)
  3 bats
  2 frilled lizards
  A jackal skeleton (D:7)
  3 rats
119 creatures vanquished.

Vanquished Creatures (others)
  An orc wizard (D:6)
1 creature vanquished.

Grand Total: 120 creatures vanquished

Notes
Turn   | Place    | Note
-------+----------+-------------------------------------------
     0 | D:1      | EnegeticOcto the Deep Dwarf Fighter began the quest for the
                  | Orb.
     0 | D:1      | Reached XP level 1. HP: 20/20 MP: 1/1
   368 | D:2      | Reached XP level 2. HP: 20/27 MP: 2/2
   494 | D:2      | Found a glowing golden altar of the Shining One.
   500 | D:2      | Found an opulent altar of Gozag.
   645 | D:2      | Reached skill level 3 in Axes
   675 | D:3      | Reached XP level 3. HP: 30/33 MP: 2/2
   833 | D:4      | Reached XP level 4. HP: 38/42 MP: 3/3
   834 | D:4      | Found a staircase to the Ecumenical Temple.
   835 | D:4      | Noticed a lemure
   835 | D:4      | Noticed a lemure
   836 | D:4      | Noticed a lemure
   836 | D:4      | Noticed a lemure
   836 | D:4      | Noticed Pikel
   868 | D:4      | Killed a lemure
   877 | D:4      | Killed a lemure
   898 | D:4      | Killed a lemure
   905 | D:4      | Killed a lemure
   921 | Temple   | Entered the Ecumenical Temple
   959 | Temple   | Became a worshipper of Makhleb the Destroyer
  1068 | D:4      | Reached skill level 1 in Invocations
  1110 | D:4      | Reached XP level 5. HP: 43/49 MP: 3/3
  1140 | D:4      | Reached skill level 4 in Axes
  1151 | D:5      | Entered Level 5 of the Dungeon
  1183 | D:5      | Noticed a centaur
  1199 | D:5      | Killed a centaur
  1244 | D:5      | Reached XP level 6. HP: 47/56 MP: 5/5
  1402 | D:5      | Reached * piety under Makhleb
  1402 | D:5      | Reached skill level 5 in Axes
  1619 | D:6      | Reached XP level 7. HP: 60/63 MP: 6/6
  1634 | D:6      | Found a burning altar of Makhleb.
  1816 | D:6      | Reached skill level 5 in Armour
  1850 | D:6      | Reached skill level 5 in Shields
  1885 | D:6      | Reached skill level 6 in Axes
  1939 | D:6      | Found a bloodstained altar of Trog.
  1956 | D:6      | Reached XP level 8. HP: 53/73 MP: 3/5
  2159 | D:6      | Reached skill level 7 in Axes
  2169 | D:6      | Reached ** piety under Makhleb
  2280 | D:6      | Reached skill level 5 in Invocations
  2677 | D:7      | Found Ulet's Magic Scroll Shop.
  2682 | D:7      | Bought a scroll of magic mapping for 45 gold pieces
  2803 | D:7      | Found a stormy altar of Qazlal.
  2807 | D:7      | Reached skill level 5 in Fighting
  3482 | D:8      | Reached skill level 8 in Axes
  3482 | D:8      | Gained mutation: You passively map the area around you.
                  | [Deep Dwarf growth]
  3482 | D:8      | Reached XP level 9. HP: 81/81 MP: 6/6
  3513 | D:8      | Noticed a death yak
  3515 | D:8      | Found a staircase to the Lair.
  3515 | D:8      | Noticed a death yak
  3515 | D:8      | Noticed a death yak
  3533 | D:8      | Slain by a death yak

Illustrated notes

Levels and vault maps discovered:
D:1:      dpeg_arrival_circle_labyrinth_c, layout_basic
D:2:      layout_loops_ring, amethyst_overflow_temple_binary,
          chequers_decorated_corner, nicolae_ru_path_of_blood
D:3:      layout_loops_ring, lemuel_crystal_altar
D:4:      layout_loops_ring, minmay_temple_entry_crystal_x,
          minmay_misc_feat_rows, uniq_robin, uniq_pikel
D:5:      layout_rooms
D:6:      layout_basic, kennysheep_mini_moat, basic_altar, nrook_pool_corridor
D:7:      layout_layer_cave, kennysheep_little_box, serial_shops,
          nicolae_shop_stone
D:8:      layout_loops_ring, dpeg_lair_monsters, ebering_ghost_reflecting_pool
Temple:   minmay_crystal_spiral_temple

Skill      XL: |  1  2  3  4  5  6  7  8 |
---------------+-------------------------+-----
Axes           | 3 4 5 6 8 |  8.0
Fighting       | 3 4 5 |  5.1
Armour         | 4 5 6 |  6.2
Invocations    | 1 2 3 4 5 |  5.5
Shields        | 4 5 6 |  6.1

Action                   |  1- 3 |  4- 6 |  7- 9 || total
-------------------------+-------+-------+-------++-------
Melee: War axe           |    73 |   174 |   321 ||   568
 Abil: Heal Wounds       |     1 |    12 |    12 ||    25
  Use: Scroll            |       |       |    13 ||    13
       Potion            |       |       |     1 ||     1
Armor: Scale mail        |    25 |    69 |       ||    94
       Chain mail        |       |    16 |   118 ||   134
       Plate armour      |       |       |    91 ||    91
Dodge: Dodged            |    21 |    57 |    52 ||   130
Block: Kite shield       |    34 |   108 |   176 ||   318

Table legend: (Time is in decaauts)
 A = Elapsed time spent in this place.
 B = Non-inter-level travel time spent in this place.
 C = Inter-level travel time spent in this place.
 D = Time resting spent in this place.
 E = Time spent auto-exploring this place.
 F = Levels seen in this place.
 G = Mean time per level.
                   A        B        C        D        E       F      G
               +--------+--------+--------+--------+--------+-----+--------+
         Total |   3702 |   3485 |    217 |      0 |   2336 |   9 |  411.3 |
       Dungeon |   3626 |   3445 |    181 |      0 |   2306 |   8 |  453.2 |
        Temple |     75 |     39 |     36 |      0 |     30 |   1 |   75.0 |
               +--------+--------+--------+--------+--------+-----+--------+

Top non-repeatable levels by time:
     D:7: 963 daAuts
     D:6: 963 daAuts
     D:5: 482 daAuts
     D:1: 371 daAuts
     D:2: 320 daAuts
     D:4: 303 daAuts
     D:3: 147 daAuts
  Temple: 75 daAuts
     D:8: 75 daAuts
